 Dungeon Crawl Stone Soup version 0.31-a0-880-g9a209b2425 (webtiles) character file.

Game seed: 1914755168285524490

84 JackS81 the Ruffian (level 5, -8/60 HPs)
             Began as a Meteoran Shapeshifter on Oct 15, 2023.
             Killed from afar by an orc wizard (13 damage)
             ... with a puff of flame
             ... on level 3 of the Dungeon.
             The game lasted 00:06:15 (1116 turns).

JackS81 the Ruffian (Meteoran Shapeshifter)         Turns: 1116, Time: 00:06:19

Health: -8/60      AC: 22    Str: 15 (17) XL:     5   Next: 4%
Magic:  6/6        EV:  2    Int:  9 (11) God:
Gold:   73         SH:  0    Dex: 13 (14) Spells: 4/4 levels left

rFire   . .          .
                       - Unarmed
rCold   . . .        (no shield)
rNeg    . . .        a - melded +0 animal skin
rPois   +            (helmet currently unavailable)
rElec   .            (cloak currently unavailable)
rCorr   .            e - melded +1 pair of gloves
SInv    .            (boots currently unavailable)
Will    .....        (no amulet)
Stlth   +            (no ring)
HPRegen 0.30/turn    (no ring)
MPRegen 0.10/turn

%: no passive effects
@: tree-form, glowing
A: stationary, stasis, torment immunity, boosted hp, sense surroundings 1,
otherworldly, glowing, explore regen
a: no special abilities


You were on level 3 of the Dungeon.
You were a tree.
You visited 1 branch of the dungeon, and saw 3 of its levels.

You collected 73 gold pieces.

Inventory:

Hand Weapons
 h - a +0 sling
 m - a +1 dagger of speed
 u - the +8 mace of Xyth {protect, rC++}
   (You found it on level 2 of the Dungeon)

   rC++:      It greatly protects you from cold.
Missiles
 g - 6 curare-tipped darts
Armour
 a - a +0 animal skin (melded)
 e - a +1 pair of gloves (melded)
Magical Staves
 s - a staff of air
Talismans
 c - a beast talisman
 d - a flux talisman
Scrolls
 i - a scroll of fog {unknown}
 j - 2 scrolls of noise {unknown}
 k - 2 scrolls of blinking {unknown}
 p - 5 scrolls of identify {unknown}
 q - a scroll of fear {unknown}
 r - a scroll of torment {unknown}
 t - a scroll of revelation {unknown}
Potions
 f - a potion of heal wounds {unknown}
 l - a potion of brilliance {unknown}
 n - a potion of haste {unknown}
 o - a potion of berserk rage {unknown}
 v - a potion of degeneration
 w - a potion of ambrosia {unknown}


   Skills:
 - Level 1.1 Fighting
 - Level 2.1 Dodging
 + Level 5.0 Unarmed Combat
 * Level 4.9 Shapeshifting


You had 4 spell levels left.
You didn't know any spells.
Your spell library contained the following spells:

 Spells                   Type           Power      Damage    Failure   Level
 Sting                    Tmut/Pois      0%         1d3       38%         1
 Poisonous Vapours        Pois/Air       0%         N/A       52%         2
 Olgreb's Toxic Radiance  Pois           0%         N/A       99%         4


Dungeon Overview and Level Annotations

Branches:
Dungeon (3/15) Zot: 692

Altars:


Innate Abilities, Weirdness & Mutations

You are a tree.
Your roots penetrate the ground, keeping you stationary.
You cannot be teleported.
You are immune to unholy pain and torment.
Your maximum health is greatly increased.
Your equipment is partially melded.
You passively map a small area around you.
You are easily found by Zot.
You glow in the dark.
You regain HP and MP as you explore.


Message History

A magic dart appears from out of thin air!
The magic dart hits you!
* * * LOW HITPOINT WARNING * * *
Your transformation has ended.
Your +1 pair of gloves unmelds from your body.
You turn into a tree.
Your +1 pair of gloves melds into your body.
Your +0 animal skin melds into your body.
Your roots penetrate the ground.
Something hits you but does no damage.
You cannot move.
You cannot move.
You cannot move.
You cannot move.
You cannot move.
You cannot move.
You cannot move.
You cannot move.
You cannot move.
You cannot move.
You cannot move.
You cannot move.
You cannot move.
You cannot move.
Something hits you but does no damage.
You cannot move.
You cannot move.
You cannot move.
You cannot move.
You cannot move.
You cannot move.
You cannot move.
You cannot move.
You cannot move.
It was a potion of degeneration.
There was something very wrong with that liquid.
You feel weakened.
You feel dopey.
You feel clumsy.
You hear some strange, mumbled words.
A puff of flame appears from out of thin air!
The puff of flame hits you!
You die...

####### * #.[...# , ,
##.....#############.# *
.'.)...'.............. ,
,
##.....#######...#.##....
#.....# #.#.#.# ...,
####### #.#.#.# ..# ,
###.#.#oo...* , ,
#...#♣#o#o# #.#.#{#B..
.#.
#########.###o#.#..... ,
#............o........
#.........###.#o####..
#.........# #.#... ,
#.........# #....... ,
########### #######... *
### . ... ....# *


You could see 2 orcs.

Vanquished Creatures
  Jessica (D:3)
  An adder (D:2)
  2 worms
  An orc (D:3)
  5 bats
  3 endoplasms
  4 giant cockroaches
  4 goblins
  5 hobgoblins
  4 jackals (D:2)
  3 quokkas (D:2)
  A ball python (D:3)
  A frilled lizard (D:3)
  2 kobolds (D:2)
  2 rats
39 creatures vanquished.

Notes
Turn   | Place    | Note
-------+----------+-------------------------------------------
     0 | D:1      | JackS81 the Meteoran Shapeshifter began the quest for the
                  | Orb.
     0 | D:1      | Reached XP level 1. HP: 16/16 MP: 2/2
   457 | D:1      | Reached XP level 2. HP: 12/23 MP: 3/3
   500 | D:1      | Glimpsed the power of Zot.
   627 | D:2      | Reached skill level 4 in Unarmed Combat
   630 | D:2      | Reached XP level 3. HP: 28/28 MP: 4/4
   802 | D:2      | Reached XP level 4. HP: 35/35 MP: 5/5
   878 | D:2      | Identified the +8 mace of Xyth {protect, rC++}
   951 | D:3      | Noticed Jessica
   957 | D:3      | Killed Jessica
  1099 | D:3      | Reached XP level 5. HP: 37/40 MP: 6/6
  1102 | D:3      | Reached skill level 5 in Unarmed Combat
  1116 | D:3      | Killed from afar by an orc wizard

Illustrated notes

Levels and vault maps discovered:
D:1:      nicolae_arrival_somewhat_less_tricky_arrival, layout_basic
D:2:      minmay_alternating_diamond, layout_rooms, minmay_vboxes
D:3:      layout_basic, uniq_jessica

Skill      XL: |  1  2  3  4  5 |
---------------+----------------+-----
Shapeshifting  | 4 |  4.9
Unarmed Combat | 4 5 |  5.0
Fighting       | |  1.1
Dodging        | |  2.1

Action                     |  1- 3 |  4- 6 || total
---------------------------+-------+-------++-------
  Melee: Unarmed           |    75 |    45 ||   120
         Punch             |     2 |     1 ||     3
    Use: Potion            |       |     2 ||     2
 Armour: Animal skin       |    28 |    20 ||    48
         Skin              |       |     3 ||     3
  Dodge: Dodged            |    36 |    25 ||    61
   Form: Beast             |       |     1 ||     1
         Flux              |       |     1 ||     1

Table legend: (Time is in decaauts)
 A = Elapsed time spent in this place.
 B = Non-inter-level travel time spent in this place.
 C = Inter-level travel time spent in this place.
 D = Time resting spent in this place.
 E = Time spent auto-exploring this place.
 F = Levels seen in this place.
 G = Mean time per level.
                   A        B        C        D        E       F      G
               +--------+--------+--------+--------+--------+-----+--------+
         Total |   1106 |   1098 |      8 |      0 |    293 |   3 |  368.7 |
       Dungeon |   1106 |   1098 |      8 |      0 |    293 |   3 |  368.7 |
               +--------+--------+--------+--------+--------+-----+--------+

Top non-repeatable levels by time:
     D:1: 534 daAuts
     D:2: 370 daAuts
     D:3: 202 daAuts
